 Dungeon Crawl Stone Soup version 0.20.1-1-g8b1a95d (webtiles) character file.

39935 Jerry the Brawler (level 13, 0/133 HPs)
             Began as a Troll Chaos Knight on Nov 5, 2017.
             Slain by a seven-headed hydra (17 damage)
             ... on level 4 of the Lair of Beasts.
             The game lasted 00:45:42 (12746 turns).

Jerry the Brawler (Troll Chaos Knight)             Turns: 12746, Time: 00:45:43

Health: 0/133      AC: 10    Str: 19    XL:     13   Next: 71%
Magic:  18/18      EV: 17    Int: 11    God:    Xom [....*.]
Gold:   788        SH:  0    Dex: 10    Spells: 19/20 levels left

rFire    + . .     SeeInvis .     - Unarmed
rCold    + . .     Gourm    +   (no shield)
rNeg     . . .     Faith    .   q - +2 robe {rC+ rF+}
rPois    +         Spirit   .   i - +1 hat
rElec    .         Reflect  .   j - +1 cloak
rCorr    .         Harm     .   (gloves unavailable)
MR       +....     Rnd*Rage +   (boots unavailable)
Stlth    +.........             (no amulet)
Regen    0.8/turn               H - ring of poison resistance
MPRegen  0.2/turn               y - +3 ring of evasion

@: lethally poisoned (0 -> -6), about to teleport
A: unfitting armour, claws 3, berserk 1, blurry vision 1, fast metabolism 3,
gourmand, magic resistance 1, regeneration 1, shaggy fur 1, tough skin 2, weak 2
a: Renounce Religion


You were on level 4 of the Lair of Beasts.
You worshipped Xom.
You were a beloved toy of Xom.
You were full.

You visited 2 branches of the dungeon, and saw 13 of its levels.
You also visited: Ice Cave.

You collected 873 gold pieces.
You spent 85 gold pieces at shops.

Inventory:

Hand Weapons
 u - a +3 whip of flaming
Armour
 c - the +4 robe of the Elephant {rCorr Str+5}
   (You found it on level 7 of the Dungeon)

   It affects your strength (+5).
   It protects you from acid and corrosion.
 i - a +1 hat (worn)
 j - a +1 cloak (worn)
 q - a +2 robe of resistance (worn)
Jewellery
 m - an uncursed ring of flight
 y - a +3 ring of evasion (right claw)
 H - a ring of poison resistance (left claw)
Wands
 a - a wand of lightning (9/15)
 B - a wand of random effects (25/48)
 C - a wand of polymorph (12/24)
 I - a wand of flame (10/48)
Scrolls
 e - 2 scrolls of fog
 f - a scroll of enchant weapon
 k - 4 scrolls of remove curse
 t - 3 scrolls of blinking
 z - a scroll of enchant armour
 A - 3 scrolls of immolation
 D - a scroll of teleportation
 F - 3 scrolls of identify
 G - 2 scrolls of torment
 L - 2 scrolls of amnesia
Potions
 d - a potion of heal wounds
 l - 4 potions of flight {unknown}
 n - 6 potions of mutation {unknown}
 o - a potion of ambrosia {unknown}
 p - 2 potions of curing {unknown}
 r - 3 potions of might {unknown}
 s - 3 potions of invisibility {unknown}
 x - a potion of lignification {unknown}
 J - a potion of agility {unknown}
 M - a potion of resistance {unknown}
Books
 v - a book of Misfortune

   Spells                             Type                      Level
   a - Confusing Touch                Hexes                        1
   b - Confuse                        Hexes                        3
   c - Gell's Gravitas                Translocation                3
   d - Petrify                        Transmutation/Earth          4
   e - Metabolic Englaciation         Hexes/Ice                    5
   f - Yara's Violent Unravelling     Hexes/Transmutation          5
 E - a book of Frost

   Spells                             Type                      Level
   a - Freeze                         Ice                          1
   b - Throw Frost                    Conjuration/Ice              2
   c - Ozocubu's Armour               Charms/Ice                   3
   d - Throw Icicle                   Conjuration/Ice              4
   e - Summon Ice Beast               Ice/Summoning                4
Comestibles
 b - 6 bread rations
 h - 20 royal jellies
 w - 2 fruits


   Skills:
 + Level 10.1 Fighting
 + Level 9.9 Dodging
 * Level 15.8 Unarmed Combat
 + Level 4.4 Spellcasting


You had 19 spell levels left.
You knew the following spells:

 Your Spells              Type           Power        Failure   Level  Hunger
a - Confusing Touch       Hex            #.....       22%         1    #......


Dungeon Overview and Level Annotations

Branches:
Dungeon (9/15)             Temple (0/1) D:6            Lair (4/6) D:8
  Swamp (0/4) Lair:2        Snake (0/4) Lair:4
    Orc: D:9-12

Altars:
Kikubaaqudgha
Okawaru
Ru
Sif Muna
Trog
Vehumet
Xom
Yredelemnul
Zin

Shops:
D:4 [   D:5 (


Innate Abilities, Weirdness & Mutations

You are too large for most types of armour.
You have claws for hands.
Your metabolism is lightning-fast.
You like to eat raw meat.
Your natural rate of healing is unusually fast.
You are covered in fur. (AC +1)
You have very tough skin. (AC +2)
You tend to lose your temper in combat.
Scrolls take you a little longer to read.
You are resistant to hostile enchantments. (MR+)
You are very weak. (Str -4)


Message History

The seven-headed hydra bites you.
* * * LOW HITPOINT WARNING * * *
The seven-headed hydra bites you.
* * * LOW HITPOINT WARNING * * *
The killer bee stings you but does no damage.
A queen bee comes into view.
Okay, then.
You feel much better.
You feel sick. The meliai misses you. The meliai closely misses you.
The killer bee barely misses you. The elephant tramples you.
* * * LOW HITPOINT WARNING * * *
You hold your ground!
The elephant barely misses you. The meliai barely misses you.
The meliai closely misses you. The seven-headed hydra bites you!
* * * LOW HITPOINT WARNING * * *
The seven-headed hydra misses you.
The seven-headed hydra bites you but does no damage.
The seven-headed hydra bites you!
You die...
Xom roars with laughter!

∆ y .. ############ y y
#y.y ####..#.##.P##. ..####
#.............. y
#y...#####..P##.######
##....§## ##.^######### y y
#y..!yyy #####..#.#..
#..aDY##### #........ D S
#.ky@#...#####.......
#####y.....# ####.... y y ∆
y #.†.(...# ####.
#####.....## #.. H
##....#...## ##.
##.....##### ##.. y
#...#...# #... ##
#####.....## ### ###.. .##
##...#†...######.######..#.


You could see a seven-headed hydra, a queen ant, an elephant, a lindwurm, a
queen bee, a meliai and 6 killer bees.

Vanquished Creatures
  A frost giant (IceCv)
  Harold (Lair:1)
  2 hydras
  2 two-headed ogres
  7 death yaks
  The ghost of Jerry the Cleaver, a novice VSFi of Okawaru (IceCv)
  Pikel (D:6)
  A manticore (Lair:4)
  7 elephants
  A guardian serpent (Lair:4)
  2 black mambas (Lair:2)
  An ice statue (IceCv)
  7 spiny frogs
  4 rime drakes
  4 komodo dragons
  A queen bee (D:9)
  A troll (D:9)
  2 meliai (Lair:4)
  18 polar bears
  2 tyrant leeches (Lair:2)
  18 blink frogs
  Grinder (D:3)
  A hippogriff (Lair:1)
  A wyvern (Lair:4)
  A spriggan (Lair:2)
  32 yaks
  Sigmund (D:6)
  3 wraiths
  A basilisk (Lair:2)
  The ghost of Zentaure the Bolt Thrower, an amateur CeHu of Okawaru (D:4)
  Menkaure (D:6)
  8 water moccasins
  3 orc warriors
  2 porcupines
  A sky beast (D:6)
  4 ice beasts
  4 ogres
  A phantom (D:9)
  16 wolves
  3 necrophages
  6 crocodiles
  2 centaurs
  Blork the orc (D:4)
  11 bullfrogs
  A troll zombie (D:7)
  A wyvern skeleton (D:9)
  3 scorpions
  29 killer bees
  5 wights (D:9)
  4 crimson imps
  A bullfrog zombie (D:8)
  4 human zombies (D:7)
  6 hounds
  2 orc wizards
  4 orc priests
  2 iguanas (D:7)
  A jelly (D:8)
  Crazy Yiuf (D:2)
  Terence (D:2)
  2 bullfrog skeletons
  A human skeleton (D:7)
  3 worker ants
  An ogre zombie (D:7)
  2 hound skeletons
  Robin (D:1)
  7 gnolls
  2 howler monkey skeletons
  7 adders
  A shadow imp (D:8)
  2 oozes
  An adder skeleton (D:8)
  2 worms (D:2)
  3 dart slugs
  2 leopard geckos (D:4)
  24 orcs
  4 giant cockroaches
  16 goblins
  8 hobgoblins
  8 jackals
  3 quokkas
  4 ball pythons
  5 bats (D:1)
  4 frilled lizards
  9 kobolds
  An orc zombie (D:7)
  8 rats
  5 plants (Lair:3)
390 creatures vanquished.

Vanquished Creatures (collateral kills)
  Joseph (D:9)
  A yak (IceCv)
  A wolf (IceCv)
  4 killer bees (D:9)
7 creatures vanquished.

Vanquished Creatures (others)
  3 bushes
  A fire vortex (Lair:3)
  11 fungi
  2 plants
17 creatures vanquished.

Grand Total: 414 creatures vanquished

Notes
Turn   | Place    | Note
-------+----------+-------------------------------------------
     0 | D:1      | Jerry the Troll Chaos Knight began the quest for the Orb.
     0 | D:1      | Reached XP level 1. HP: 22/22 MP: 0/0
   145 | D:1      | Reached XP level 2. HP: 29/29 MP: 1/1
   605 | D:2      | Reached XP level 3. HP: 36/36 MP: 2/2
   630 | D:2      | Noticed Terence
   641 | D:2      | Killed Terence
   641 | D:2      | Reached skill level 4 in Unarmed Combat
   649 | D:2      | Reached XP level 4. HP: 22/44 MP: 3/3
   912 | D:2      | Noticed Robin
   927 | D:2      | XOM: harmless Tloc miscast
   940 | D:2      | XOM: harmless Summ miscast
   974 | D:1      | Killed Robin
   974 | D:1      | Reached XP level 5. HP: 46/53 MP: 2/4
  1127 | D:2      | XOM: divination: detect creatures
  1272 | D:2      | XOM: harmless Summ miscast
  1276 | D:2      | Found a runed door.
  1280 | D:2      | Noticed Crazy Yiuf
  1284 | D:2      | Killed Crazy Yiuf
  1284 | D:2      | Reached skill level 5 in Unarmed Combat
  1413 | D:3      | Found a deep blue altar of Sif Muna.
  1488 | D:3      | XOM: divination: detect items
  1532 | D:3      | XOM: medium Fire miscast
  1829 | D:3      | Reached XP level 6. HP: 61/61 MP: 5/5
  1842 | D:3      | Noticed Grinder
  1854 | D:3      | Killed Grinder
  1854 | D:3      | Reached skill level 6 in Unarmed Combat
  2024 | D:3      | XOM: enchant monster (good)
  2337 | D:4      | Found Osutotipt's Antique Armour Boutique.
  2340 | D:4      | Bought a glowing robe for 85 gold pieces
  2395 | D:4      | Reached XP level 7. HP: 60/68 MP: 6/6
  2450 | D:4      | Found a sacrificial altar of Ru.
  2626 | D:4      | Found a radiant altar of Vehumet.
  2632 | D:4      | Noticed Zentaure's ghost (amateur CeHu)
  2638 | D:4      | Killed Zentaure's ghost
  2640 | D:4      | XOM: mild Summ miscast
  2641 | D:4      | Noticed a spatial vortex
  2721 | D:4      | XOM: noise
  2798 | D:4      | XOM: silly message
  2803 | D:4      | Noticed Blork the orc
  2816 | D:4      | XOM: noise
  2824 | D:4      | Killed Blork the orc
  2844 | D:4      | XOM: divination: magic mapping
  3051 | D:5      | Entered Level 5 of the Dungeon
  3153 | D:5      | XOM: harmless Air miscast
  3159 | D:5      | Reached skill level 7 in Unarmed Combat
  3216 | D:5      | XOM is BORED!
  3216 | D:5      | XOM: noise
  3219 | D:5      | Reached XP level 8. HP: 78/79 MP: 7/7
  3281 | D:5      | Found Hoapraxt's Weapon Emporium.
  3478 | D:6      | Noticed Sigmund
  3482 | D:6      | Killed Sigmund
  3488 | D:6      | XOM: smoke on damage
  3513 | D:6      | Found an iron altar of Okawaru.
  3514 | D:6      | Noticed Menkaure
  3641 | D:6      | Killed Menkaure
  3641 | D:6      | Reached skill level 5 in Fighting
  3724 | D:6      | Reached skill level 8 in Unarmed Combat
  3746 | D:6      | XOM: mild Summ miscast
  3780 | D:6      | Noticed Pikel
  3780 | D:6      | XOM: divination: magic mapping
  3789 | D:6      | Killed Pikel
  3789 | D:6      | Reached skill level 5 in Dodging
  3789 | D:6      | Reached XP level 9. HP: 88/88 MP: 8/8
  3855 | D:6      | Found an ancient bone altar of Kikubaaqudgha.
  3855 | D:6      | Found a shimmering altar of Xom.
  3856 | D:6      | Found a glowing silver altar of Zin.
  3905 | D:6      | Found a staircase to the Ecumenical Temple.
  3950 | D:6      | Reached skill level 9 in Unarmed Combat
  4108 | D:6      | Got a thick robe
  4111 | D:6      | Identified the +0 robe of the Trombone {Dex+3} (You found it on level 6 of the Dungeon)
  4422 | D:7      | XOM: god gift: 39 gold pieces
  4581 | D:7      | Got a tattered robe
  4582 | D:7      | Identified the +4 robe of the Elephant {rCorr Str+5} (You found it on level 7 of the Dungeon)
  4659 | D:7      | XOM: noise
  4730 | D:7      | XOM: mild Fire miscast
  4854 | D:7      | Reached skill level 10 in Unarmed Combat
  4876 | D:7      | XOM: potion effect (might)
  4891 | D:7      | XOM: enchant monster (good)
  4898 | D:7      | Found a basalt altar of Yredelemnul.
  5156 | D:8      | Noticed a death yak
  5170 | D:8      | Killed a death yak
  5170 | D:8      | Reached XP level 10. HP: 54/100 MP: 9/9
  5243 | D:8      | Noticed a death yak
  5250 | D:8      | XOM: divination: detect items
  5251 | D:8      | XOM: potion effect (invisibility)
  5256 | D:8      | Noticed a death yak
  5259 | D:8      | Killed a death yak
  5259 | D:8      | Reached skill level 11 in Unarmed Combat
  5261 | D:8      | Found a staircase to the Lair.
  5262 | D:8      | XOM: potion effect (invisibility)
  5272 | D:8      | Killed a death yak
  5471 | D:8      | Noticed a two-headed ogre
  5474 | D:8      | XOM: potion effect (might)
  5482 | D:8      | Killed a two-headed ogre
  5620 | D:8      | Reached skill level 12 in Unarmed Combat
  5784 | D:9      | Noticed a two-headed ogre
  5790 | D:9      | Killed a two-headed ogre
  5790 | D:9      | Reached XP level 11. HP: 99/110 MP: 10/10
  5857 | D:9      | XOM: fog
  5940 | D:9      | Found a radiant altar of Vehumet.
  5943 | D:9      | Noticed Joseph
  5950 | D:9      | XOM: 6-stop teleportation journey
  5993 | D:9      | Found a bloodstained altar of Trog.
  6185 | D:9      | Killed Joseph
  6266 | D:8      | XOM: enchant monster (good)
  6275 | D:8      | XOM: harmless Air miscast
  6390 | D:8      | XOM: potion effect (might)
  6504 | D:9      | Learned a level 1 spell: Confusing Touch
  6567 | Lair:1   | Entered Level 1 of the Lair of Beasts
  6570 | Lair:1   | Noticed Harold
  6612 | Lair:1   | Noticed a six-headed hydra
  6613 | Lair:1   | Killed Harold
  6622 | Lair:1   | XOM: potion effect (curing)
  6625 | Lair:1   | Killed a six-headed hydra
  6809 | Lair:1   | XOM: divination: detect creatures
  6816 | Lair:1   | Reached skill level 13 in Unarmed Combat
  6816 | Lair:1   | Reached skill level 1 in Spellcasting
  6826 | Lair:1   | XOM: harmless Ice miscast
  6831 | Lair:1   | XOM: potion effect (invisibility)
  6945 | Lair:1   | XOM: summons friendly iron imp
  6952 | Lair:1   | XOM: destruction
  7147 | Lair:1   | XOM: polymorph yak -> spiny frog
  7159 | Lair:1   | Reached XP level 12. HP: 70/122 MP: 13/13
  7169 | Lair:1   | XOM: scenery: create altars
  7316 | Lair:1   | XOM: scenery: 1 doors open
  7377 | Lair:1   | XOM: divination: detect creatures
  7689 | Lair:2   | XOM: fake destruction
  7960 | Lair:2   | Reached skill level 14 in Unarmed Combat
  7979 | Lair:2   | XOM: give mutation
  7979 | Lair:2   | Gained mutation: Your mind is acute. (Int +2) [Xom's grace]
  8010 | Lair:2   | XOM: summons friendly white imp
  8370 | Lair:2   | XOM: give mutations
  8370 | Lair:2   | Gained mutation: You are robust. (+10% HP) [Xom's grace]
  8370 | Lair:2   | Gained mutation: Your mind is very acute. (Int +4) [Xom's grace]
  8507 | Lair:2   | XOM: mild Conj miscast
  8602 | Lair:2   | Found a staircase to the Swamp.
  8730 | Lair:2   | XOM: harmless Erth miscast
  8814 | Lair:3   | XOM: noise
  8835 | Lair:3   | XOM: mild Fire miscast
  8847 | Lair:3   | XOM: divination: detect items
  8849 | Lair:3   | XOM: scenery: create altars
  8851 | Lair:3   | XOM: destruction
  9155 | Lair:3   | XOM: 1-stop teleportation journey
  9367 | Lair:3   | XOM: god gift: scroll labeled ZISCHO ZO GAOCS {god gift}
  9529 | Lair:3   | XOM: god gift: 21 stones
  9668 | Lair:3   | Noticed an eight-headed hydra
  9671 | Lair:3   | XOM: scenery: create altars
  9673 | Lair:3   | XOM: cleaving
  9679 | Lair:3   | Killed an eight-headed hydra
  9930 | Lair:3   | XOM: harmless Tloc miscast
  9984 | Lair:3   | XOM: harmless Pois miscast
 10398 | Lair:4   | XOM: enchant monster (bad)
 10413 | Lair:4   | Reached XP level 13. HP: 102/144 MP: 17/17
 10437 | Lair:4   | Found a frozen archway.
 10440 | Lair:4   | XOM: summons 3 friendly demons
 10446 | Lair:4   | XOM: scenery: create altars
 10485 | IceCv    | Entered an ice cave
 10493 | IceCv    | Reached skill level 15 in Unarmed Combat
 10497 | IceCv    | XOM: noise
 10602 | IceCv    | Noticed Jerry's ghost (novice VSFi)
 10619 | IceCv    | Killed Jerry's ghost
 10700 | IceCv    | XOM: summons 6 hostile demons
 10991 | IceCv    | XOM: mild Erth miscast
 11036 | IceCv    | XOM: summons friendly ufetubus
 11414 | IceCv    | Noticed a frost giant
 11434 | IceCv    | Killed a frost giant
 11827 | Lair:4   | XOM: 2-stop teleportation journey
 11830 | Lair:4   | XOM: divination: detect creatures
 11841 | Lair:4   | Reached skill level 10 in Fighting
 11844 | Lair:4   | XOM: give mutations
 11844 | Lair:4   | Lost mutation: Your mind is very acute. (Int +4) [Xom's mischief]
 11844 | Lair:4   | Gained mutation: You are weak. (Str -2) [Xom's mischief]
 12003 | Lair:4   | XOM: potion effect (might)
 12011 | Lair:4   | XOM: potion effect (agility)
 12099 | Lair:4   | XOM: smoke on damage
 12115 | Lair:4   | XOM: swap monsters
 12119 | Lair:4   | XOM: divination: detect items
 12169 | Lair:3   | XOM: give mutations
 12169 | Lair:3   | Gained mutation: You are resistant to hostile enchantments. (MR+) [Xom's mischief]
 12169 | Lair:3   | Gained mutation: Scrolls take you a little longer to read. [Xom's mischief]
 12429 | Lair:4   | Found a staircase to the Snake Pit.
 12489 | Lair:4   | XOM: give mutation
 12489 | Lair:4   | Gained mutation: You are very weak. (Str -4) [Xom's mischief]
 12673 | Lair:4   | XOM: give mutations
 12673 | Lair:4   | Gained mutation: You tend to lose your temper in combat. [Xom's mischief]
 12673 | Lair:4   | Lost mutation: Your mind is acute. (Int +2) [Xom's mischief]
 12673 | Lair:4   | Lost mutation: You are robust. (+10% HP) [Xom's mischief]
 12728 | Lair:4   | XOM: harmless Summ miscast
 12741 | Lair:4   | XOM: polymorph four-headed hydra -> queen ant
 12744 | Lair:4   | XOM: swap monsters
 12745 | Lair:4   | HP: 3/133 [seven-headed hydra (5)]
 12746 | Lair:4   | Slain by a seven-headed hydra

Skill      XL: |  1  2  3  4  5  6  7  8  9 10 11 12 13 |
---------------+----------------------------------------+-----
Dodging        | 2 3 4 5 6 7 8 9 |  9.9
Unarmed Combat | 4 5 6 7 8 10 12 13 14 15 | 15.8
Fighting       | 3 4 5 6 7 8 9 10 | 10.1
Spellcasting   | 1 3 4 |  4.4

Action                   |  1- 3 |  4- 6 |  7- 9 | 10-12 | 13-15 || total
-------------------------+-------+-------+-------+-------+-------++-------
Melee: Unarmed           |    79 |   176 |   260 |   570 |   293 ||  1378
       Punch             |     1 |     2 |    13 |    32 |    17 ||    65
       Whip              |       |       |       |    12 |       ||    12
 Cast: Confusing Touch   |       |       |       |    10 |       ||    10
 Abil: Evoke Flight      |       |       |       |       |     1 ||     1
Evoke: Wand              |       |       |       |     6 |     2 ||     8
  Use: Scroll            |       |       |     9 |     9 |     2 ||    20
       Potion            |       |       |       |       |     2 ||     2
 Stab: Sleeping          |       |       |     5 |     2 |       ||     7
       Paralysed         |       |       |     1 |       |       ||     1
       Invisible         |       |       |       |     7 |       ||     7
       Confused          |       |       |       |     4 |       ||     4
       Distracted        |       |       |       |       |     2 ||     2
  Eat: Chunk             |    11 |    16 |    25 |    49 |    17 ||   118
Armor: Robe              |    35 |    50 |    69 |   103 |    63 ||   320
Dodge: Dodged            |    55 |    84 |   132 |   380 |   289 ||   940
